| TOP OF THE 1ST |
|
Tacoma Rainiers batting - Pitching for Durham Bulls : RHP Eric Smith
|
|
Pitching: RHP Eric Smith
|
|
|
Batting: RHB Brad Robidas
|
0-0: Ball 1-0: Called Strike 1-1: Ball 2-1: Ground out 4-3 (Groundball, 4, EV 104.4 MPH)
|
|
Batting: RHB Enrique Valdez
|
0-0: Called Strike 0-1: Ball 1-1: Fly out, F8 (Flyball, 8LM, EV 90.0 MPH)
|
|
Batting: LHB Ryan Lowe
|
0-0: Called Strike 0-1: DOUBLE (Line Drive, 9LM, EV 103.1 MPH)
|
|
Batting: RHB Rick Ellis
|
0-0: Foul Ball, location: 2F 0-1: Ball 1-1: Foul Ball, location: 2F 1-2: Ball 2-2: Ball 3-2: Fly out, F8 (Flyball, 8RM, EV 93.8 MPH)
|
| Top of the 1st over - 0 runs, 1 hit, 0 errors, 1 left on base; Tacoma 0 - Durham 0 |
| BOTTOM OF THE 1ST |
|
Durham Bulls batting - Pitching for Tacoma Rainiers : RHP Luis Castro
|
|
Pitching: RHP Luis Castro
|
|
|
Batting: RHB Jonathan Fraire
|
0-0: Called Strike 0-1: Foul Ball, location: 2F 0-2: Ball 1-2: Strikes out swinging
|
|
Batting: SHB Joey Pacheco
|
0-0: Ball 1-0: Ball 2-0: Ball 3-0: Called Strike 3-1: Base on Balls
|
|
Batting: RHB Alex Diaz
|
0-0: Called Strike 0-1: Ball 1-1: Swinging Strike 1-2: Ball 2-2: Foul Ball, location: 2F 2-2: Strikes out swinging
|
|
Batting: RHB David Ward
|
0-0: Ball 1-0: Called Strike Joey Pacheco steals 2nd base 1-1: Foul Ball, location: 2F 1-2: Ball Wild Pitch! Joey Pacheco to third 2-2: Ball 3-2: Foul Ball, location: 2F 3-2: Ground out 5-3 (Groundball, 56, EV 98.8 MPH)
|
| Bottom of the 1st over - 0 runs, 0 hits, 0 errors, 1 left on base; Tacoma 0 - Durham 0 |
| TOP OF THE 2ND |
|
Tacoma Rainiers batting - Pitching for Durham Bulls : RHP Eric Smith
|
|
Batting: RHB Josh Ruhl
|
0-0: Foul Ball, location: 2F 0-1: Foul Ball, location: 2F 0-2: Ball 1-2: Fly out, F8 (Line Drive, 8LD, EV 99.4 MPH)
|
|
Batting: RHB Zach Downs
|
0-0: Ball 1-0: Ball 2-0: Called Strike 2-1: DOUBLE (Line Drive, 8RXD, EV 102.5 MPH)
|
|
Batting: SHB Ray Skogen
|
0-0: Swinging Strike 0-1: Foul Ball, location: 2F 0-2: Foul Ball, location: 2F 0-2: Ground out 4-3 (Groundball, 4S, EV 67.5 MPH) Zach Downs to third
|
|
Batting: RHB Chris Olheiser
|
0-0: Ball 1-0: Ball 2-0: Called Strike 2-1: Foul Ball, location: 2F 2-2: Ball 3-2: Foul Ball, location: 2F 3-2: Foul Ball, location: 2F 3-2: Base on Balls
|
|
Batting: RHB Max Schellekens
|
0-0: Ball 1-0: Foul Ball, location: 2F 1-1: Fly out, F9 (Flyball, 9, EV 77.5 MPH)
|
| Top of the 2nd over - 0 runs, 1 hit, 0 errors, 2 left on base; Tacoma 0 - Durham 0 |
| BOTTOM OF THE 2ND |
|
Durham Bulls batting - Pitching for Tacoma Rainiers : RHP Luis Castro
|
|
Batting: LHB Jake Rheaume
|
0-0: Ball 1-0: Foul Ball, location: 2F 1-1: Ball 2-1: Ball 3-1: Base on Balls
|
|
Batting: RHB Jose Arriola
|
0-0: DOUBLE (Groundball, 5L, EV 100.0 MPH) Jake Rheaume to third Runner from 3rd tries for Home, SAFE, throw by LF to home
|
|
Batting: RHB Danny Diaz
|
0-0: Ball 1-0: Called Strike 1-1: Swinging Strike 1-2: Ball 2-2: SINGLE (Groundball, 6MD, EV 103.1 MPH) Jose Arriola to third
|
|
Batting: RHB Sesto Carpini
|
0-0: Ball 1-0: Ball 2-0: Ball 3-0: Base on Balls Danny Diaz to second
|
|
Batting: RHB Antonio Pacheco
|
0-0: Called Strike 0-1: Ball 1-1: Called Strike 1-2: Ball 2-2: Fly out, F9 (Flyball, 9LMF, EV 85.6 MPH) Runner from 3rd tags up, OUT at HOME! 9-2 Danny Diaz to third Sesto Carpini to second
|
|
Batting: RHB Jonathan Fraire
|
0-0: Ball 1-0: Fly out, F7 (Flyball, 7, EV 90.6 MPH)
|
| Bottom of the 2nd over - 1 run, 2 hits, 0 errors, 2 left on base; Tacoma 0 - Durham 1 |
| TOP OF THE 3RD |
|
Tacoma Rainiers batting - Pitching for Durham Bulls : RHP Eric Smith
|
|
Batting: RHB Brad Robidas
|
0-0: Ball 1-0: Fly out, F9 (Flyball, 89D, EV 97.5 MPH)
|
|
Batting: RHB Enrique Valdez
|
0-0: Ball 1-0: Ball 2-0: Called Strike 2-1: Called Strike 2-2: Fly out, F3 (Line Drive, 3, EV 67.5 MPH)
|
|
Batting: LHB Ryan Lowe
|
0-0: Called Strike 0-1: Ball 1-1: Foul Ball, location: 2F 1-2: Ball 2-2: Ground out 4-3 (Groundball, 34D, EV 81.2 MPH)
|
| Top of the 3rd over - 0 runs, 0 hits, 0 errors, 0 left on base; Tacoma 0 - Durham 1 |
| BOTTOM OF THE 3RD |
|
Durham Bulls batting - Pitching for Tacoma Rainiers : RHP Luis Castro
|
|
Batting: SHB Joey Pacheco
|
0-0: Foul Ball, location: 2F 0-1: Called Strike 0-2: Strikes out swinging
|
|
Batting: RHB Alex Diaz
|
0-0: Ball 1-0: Called Strike 1-1: Ball 2-1: Ball 3-1: Swinging Strike 3-2: Base on Balls
|
|
Batting: RHB David Ward
|
0-0: Called Strike 0-1: Fly out, F7 (Flyball, 7LM, EV 93.8 MPH)
|
|
Batting: LHB Jake Rheaume
|
0-0: Ball 1-0: Swinging Strike 1-1: Ground out 5-3 (Groundball, 56S, EV 89.4 MPH)
|
| Bottom of the 3rd over - 0 runs, 0 hits, 0 errors, 1 left on base; Tacoma 0 - Durham 1 |
| TOP OF THE 4TH |
|
Tacoma Rainiers batting - Pitching for Durham Bulls : RHP Eric Smith
|
|
Batting: RHB Rick Ellis
|
0-0: Swinging Strike 0-1: Ball 1-1: Ball 2-1: Ball 3-1: Base on Balls
|
|
Batting: RHB Josh Ruhl
|
0-0: Grounds into double play, 6-4-3 (Groundball, 6MS, EV 91.2 MPH)
|
|
Batting: RHB Zach Downs
|
0-0: Ball 1-0: Fly out, F9 (Line Drive, 89S, EV 92.5 MPH)
|
| Top of the 4th over - 0 runs, 0 hits, 0 errors, 0 left on base; Tacoma 0 - Durham 1 |
| BOTTOM OF THE 4TH |
|
Durham Bulls batting - Pitching for Tacoma Rainiers : RHP Luis Castro
|
|
Batting: RHB Jose Arriola
|
0-0: Foul Ball, location: 2F 0-1: Foul Ball, location: 2F 0-2: Ground out 6-3 (Groundball, 6, EV 89.4 MPH)
|
|
Batting: RHB Danny Diaz
|
0-0: Ball 1-0: Foul Ball, location: 2F 1-1: Ball 2-1: Ball 3-1: Base on Balls
|
|
Batting: RHB Sesto Carpini
|
0-0: Called Strike 0-1: Called Strike Danny Diaz steals 2nd base (no throw) 0-2: Ball 1-2: Ball 2-2: Fly out, F9 (Line Drive, 89S, EV 96.9 MPH)
|
|
Batting: RHB Antonio Pacheco
|
0-0: Called Strike 0-1: SINGLE (Line Drive, 9LS, EV 90.6 MPH) Danny Diaz to third Runner from 3rd tries for Home, SAFE, throw by RF to home Antonio Pacheco to second
|
|
Batting: RHB Jonathan Fraire
|
0-0: Called Strike 0-1: Swinging Strike 0-2: Ground out 2-3 (Groundball, 2L, EV 69.4 MPH)
|
| Bottom of the 4th over - 1 run, 1 hit, 0 errors, 1 left on base; Tacoma 0 - Durham 2 |
| TOP OF THE 5TH |
|
Tacoma Rainiers batting - Pitching for Durham Bulls : RHP Eric Smith
|
|
Batting: SHB Ray Skogen
|
0-0: Foul Ball, location: 2F 0-1: Ball 1-1: SINGLE (Groundball, 25, EV 74.4 MPH) (infield hit)
|
|
Batting: RHB Chris Olheiser
|
0-0: Grounds into double play, 4-6-3 (Groundball, 4, EV 76.9 MPH)
|
|
Batting: RHB Max Schellekens
|
0-0: Called Strike 0-1: Ball 1-1: Foul Ball, location: 2F 1-2: SOLO HOME RUN (Flyball, 7D, EV 95.6 MPH), Distance : 365 ft
|
|
Batting: RHB Brad Robidas
|
0-0: SINGLE (Groundball, 56S, EV 69.4 MPH) (infield hit)
|
|
Batting: RHB Enrique Valdez
|
0-0: Called Strike 0-1: Ball 1-1: Fly out, F8 (Flyball, 89M, EV 84.4 MPH)
|
| Top of the 5th over - 1 run, 3 hits, 0 errors, 1 left on base; Tacoma 1 - Durham 2 |
| BOTTOM OF THE 5TH |
|
Durham Bulls batting - Pitching for Tacoma Rainiers : RHP Luis Castro
|
|
Batting: SHB Joey Pacheco
|
0-0: Called Strike 0-1: Ball 1-1: Ball 2-1: Foul Ball, location: 2F 2-2: Foul Ball, location: 2F 2-2: Strikes out swinging
|
|
Batting: RHB Alex Diaz
|
0-0: Called Strike 0-1: Called Strike 0-2: Foul Ball, location: 2F 0-2: Ball 1-2: Strikes out looking
|
|
Batting: RHB David Ward
|
0-0: Ball 1-0: Hit by Pitch
|
|
Batting: LHB Jake Rheaume
|
0-0: Ball 1-0: Foul Ball, location: 2F 1-1: Called Strike 1-2: Foul Ball, location: 2F 1-2: Strikes out swinging
|
| Bottom of the 5th over - 0 runs, 0 hits, 0 errors, 1 left on base; Tacoma 1 - Durham 2 |
| TOP OF THE 6TH |
|
Tacoma Rainiers batting - Pitching for Durham Bulls : RHP Eric Smith
|
|
Batting: LHB Ryan Lowe
|
0-0: Ball 1-0: Ball 2-0: Fly out, F8 (Line Drive, 8RM, EV 97.5 MPH)
|
|
Batting: RHB Rick Ellis
|
0-0: Swinging Strike 0-1: Called Strike 0-2: Strikes out swinging
|
|
Batting: RHB Josh Ruhl
|
0-0: SINGLE (Line Drive, 7S, EV 105.0 MPH)
|
|
Pitching: LHP Sam Wesman
|
|
|
Batting: RHB Zach Downs
|
0-0: SINGLE (Groundball, 34S, EV 78.1 MPH) (infield hit) Josh Ruhl to second
|
|
Batting: SHB Ray Skogen
|
0-0: Called Strike 0-1: Ball 1-1: Ball 2-1: Foul Ball, location: 2F 2-2: Ball 3-2: SINGLE (Groundball, 56S, EV 75.6 MPH) (infield hit) Josh Ruhl to third Zach Downs to second
|
|
Batting: RHB Chris Olheiser
|
0-0: Called Strike 0-1: Ball 1-1: Ball 2-1: Ball 3-1: Base on Balls Josh Ruhl scores Zach Downs to third Ray Skogen to second
|
|
Batting: RHB Max Schellekens
|
0-0: Called Strike 0-1: Swinging Strike 0-2: Ball 1-2: Foul Ball, location: 2F 1-2: Ball 2-2: Fly out, F9 (Flyball, 9, EV 76.9 MPH)
|
| Top of the 6th over - 1 run, 3 hits, 0 errors, 3 left on base; Tacoma 2 - Durham 2 |
| BOTTOM OF THE 6TH |
|
Durham Bulls batting - Pitching for Tacoma Rainiers : RHP Luis Castro
|
|
Pitching: RHP Sid Lampone
|
|
|
Batting: RHB Jose Arriola
|
0-0: Foul Ball, location: 2F 0-1: Ball 1-1: Ball 2-1: Swinging Strike 2-2: Ball 3-2: Strikes out swinging
|
|
Batting: RHB Danny Diaz
|
0-0: Ball 1-0: Ball 2-0: Swinging Strike 2-1: DOUBLE (Groundball, 5L, EV 103.8 MPH)
|
|
Batting: RHB Sesto Carpini
|
0-0: Ground out 6-3 (Groundball, 6, EV 87.5 MPH) Danny Diaz to third
|
|
Batting: RHB Antonio Pacheco
|
0-0: Called Strike 0-1: Ball 1-1: Called Strike 1-2: Ball 2-2: Foul Ball, location: 2F 2-2: Foul Ball, location: 2F 2-2: Ground out 5-3 (Groundball, 15, EV 87.5 MPH)
|
| Bottom of the 6th over - 0 runs, 1 hit, 0 errors, 1 left on base; Tacoma 2 - Durham 2 |
| TOP OF THE 7TH |
|
Tacoma Rainiers batting - Pitching for Durham Bulls : LHP Sam Wesman
|
|
Pitching: RHP Alec Murphy
|
|
|
Pinch Hitting: LHB Josh Pittman
|
0-0: Ball 1-0: Called Strike 1-1: Foul Ball, location: 2F 1-2: Ground out 5-3 (Groundball, 56S, EV 64.4 MPH)
|
|
Batting: RHB Enrique Valdez
|
0-0: Ground out 6-3 (Groundball, 6, EV 81.9 MPH)
|
|
Batting: LHB Ryan Lowe
|
0-0: Ground out 5-3 (Groundball, 56, EV 108.1 MPH)
|
| Top of the 7th over - 0 runs, 0 hits, 0 errors, 0 left on base; Tacoma 2 - Durham 2 |
| BOTTOM OF THE 7TH |
|
Durham Bulls batting - Pitching for Tacoma Rainiers : RHP Sid Lampone
|
|
Now at 3B: Rick Ellis
|
|
|
Now in LF: Josh Pittman
|
|
|
Batting: RHB Jonathan Fraire
|
0-0: Called Strike 0-1: Ball 1-1: SINGLE (Flyball, 9LS, EV 90.0 MPH)
|
|
Batting: SHB Joey Pacheco
|
0-0: Called Strike Jonathan Fraire is caught stealing 2nd base 2-6 0-1: Foul Ball, location: 2F 0-2: Strikes out swinging
|
|
Batting: RHB Alex Diaz
|
0-0: Ball 1-0: SOLO HOME RUN (Flyball, 7D, EV 97.5 MPH), Distance : 382 ft
|
|
Batting: RHB David Ward
|
0-0: Ball 1-0: Ball 2-0: Swinging Strike 2-1: Reached on error, E1 (Groundball, P, EV 61.9 MPH)
|
|
Batting: LHB Jake Rheaume
|
0-0: Ball 1-0: Foul Ball, location: 2F 1-1: Ball 2-1: Ball 3-1: Foul Ball, location: 2F 3-2: Strikes out swinging
|
| Bottom of the 7th over - 1 run, 2 hits, 1 error, 1 left on base; Tacoma 2 - Durham 3 |
| TOP OF THE 8TH |
|
Tacoma Rainiers batting - Pitching for Durham Bulls : RHP Alec Murphy
|
|
Batting: RHB Rick Ellis
|
0-0: Ball 1-0: Ball 2-0: Foul Ball, location: 2F 2-1: Ball 3-1: Called Strike 3-2: Foul Ball, location: 2F 3-2: Foul Ball, location: 2F 3-2: Strikes out looking
|
|
Batting: RHB Josh Ruhl
|
0-0: Foul Ball, location: 2F 0-1: Ball 1-1: Swinging Strike 1-2: Strikes out swinging
|
|
Batting: RHB Zach Downs
|
0-0: Ball 1-0: Ball 2-0: Called Strike 2-1: Foul Ball, location: 2F 2-2: Foul Ball, location: 2F 2-2: Ground out 6-3 (Groundball, 6, EV 92.5 MPH)
|
| Top of the 8th over - 0 runs, 0 hits, 0 errors, 0 left on base; Tacoma 2 - Durham 3 |
| BOTTOM OF THE 8TH |
|
Durham Bulls batting - Pitching for Tacoma Rainiers : RHP Sid Lampone
|
|
Pitching: RHP Jace Daniels
|
|
|
Batting: RHB Jose Arriola
|
0-0: Ball 1-0: SINGLE (Groundball, 6MD, EV 103.1 MPH)
|
|
Batting: RHB Danny Diaz
|
0-0: Ball 1-0: Fly out, F7 (Flyball, 7S, EV 81.2 MPH)
|
|
Batting: RHB Sesto Carpini
|
0-0: Ball 1-0: Called Strike 1-1: Ball 2-1: Ball 3-1: Fly out, F7 (Flyball, 78M, EV 89.4 MPH)
|
|
Batting: RHB Antonio Pacheco
|
0-0: Called Strike 0-1: Ball 1-1: Fly out, F9 (Line Drive, 89M, EV 84.4 MPH)
|
| Bottom of the 8th over - 0 runs, 1 hit, 0 errors, 1 left on base; Tacoma 2 - Durham 3 |
| TOP OF THE 9TH |
|
Tacoma Rainiers batting - Pitching for Durham Bulls : RHP Alec Murphy
|
|
Pitching: RHP Cody Wilharm
|
|
|
Batting: SHB Ray Skogen
|
0-0: Called Strike 0-1: Ground out U3 (Groundball, 3, EV 84.4 MPH)
|
|
Batting: RHB Chris Olheiser
|
0-0: Swinging Strike 0-1: Ball 1-1: Swinging Strike 1-2: Strikes out swinging
|
|
Pinch Hitting: LHB Jawad Fahad
|
0-0: Fly out, F7 (Flyball, 78D, EV 103.1 MPH)
|
| Top of the 9th over - 0 runs, 0 hits, 0 errors, 0 left on base; Tacoma 2 - Durham 3 |
|